TOP OF THE 1ST |
Dayton Dragons batting - Pitching for Greensboro Grasshoppers : RHP Andy Gibson
|
Pitching: RHP Andy Gibson
|
|
Batting: LHB Kelvin Jones
|
0-0: Called Strike 0-1: Ball 1-1: Foul Ball, location: 2F 1-2: Strikes out swinging
|
Batting: LHB Jeremy Robertson
|
0-0: Ball 1-0: Swinging Strike 1-1: Called Strike 1-2: Strikes out swinging
|
Batting: RHB Logan Johnson
|
0-0: Called Strike 0-1: Ball 1-1: Ball 2-1: Foul Ball, location: 2F 2-2: Ball 3-2: Strikes out swinging
|
Top of the 1st over - 0 runs, 0 hits, 0 errors, 0 left on base; Dayton 0 - Greensboro 0 |
BOTTOM OF THE 1ST |
Greensboro Grasshoppers batting - Pitching for Dayton Dragons : RHP Jalen Patterson
|
Pitching: RHP Jalen Patterson
|
|
Batting: RHB Tom Thompson
|
0-0: Ground out 5-3 (Groundball, 56, EV 81.2 MPH)
|
Batting: RHB Nate Crofts
|
0-0: Swinging Strike 0-1: Called Strike 0-2: Fly out, F8 (Line Drive, 8LD, EV 86.9 MPH)
|
Batting: RHB Miguel Velasco
|
0-0: Called Strike 0-1: Ground out U3 (Groundball, 23, EV 86.2 MPH)
|
Bottom of the 1st over - 0 runs, 0 hits, 0 errors, 0 left on base; Dayton 0 - Greensboro 0 |
TOP OF THE 2ND |
Dayton Dragons batting - Pitching for Greensboro Grasshoppers : RHP Andy Gibson
|
Batting: SHB Jaivata Mohanty
|
0-0: Called Strike 0-1: Ground out 4-3 (Groundball, 4, EV 80.0 MPH)
|
Batting: LHB Chris Redhead
|
0-0: Ball 1-0: Foul Ball, location: 2F 1-1: Swinging Strike 1-2: Ball 2-2: Foul Ball, location: 2F 2-2: Strikes out swinging
|
Batting: RHB John Hopkins
|
0-0: Ball 1-0: Foul Ball, location: 2F 1-1: Ground out 4-3 (Groundball, 4, EV 81.9 MPH)
|
Top of the 2nd over - 0 runs, 0 hits, 0 errors, 0 left on base; Dayton 0 - Greensboro 0 |
BOTTOM OF THE 2ND |
Greensboro Grasshoppers batting - Pitching for Dayton Dragons : RHP Jalen Patterson
|
Batting: LHB Angelo Estrella
|
0-0: Swinging Strike 0-1: Ball 1-1: Called Strike 1-2: Strikes out swinging
|
Batting: RHB Alberto Bravo
|
0-0: Foul Ball, location: 2F 0-1: Called Strike 0-2: Ball 1-2: Ball 2-2: Ball 3-2: Foul Ball, location: 2F 3-2: Base on Balls
|
Batting: LHB Justin Blakely
|
0-0: Called Strike 0-1: Ball 1-1: 2-RUN HOME RUN (Line Drive, 89XD, EV 115.0 MPH), Distance : 444 ft
|
Batting: LHB Ryan Thompson
|
0-0: Ground out 6-3 (Groundball, 6, EV 84.4 MPH)
|
Batting: RHB J.D. Vander Klok
|
0-0: Ball 1-0: Ball 2-0: Ground out 6-3 (Groundball, 6, EV 81.9 MPH)
|
Bottom of the 2nd over - 2 runs, 1 hit, 0 errors, 0 left on base; Dayton 0 - Greensboro 2 |
TOP OF THE 3RD |
Dayton Dragons batting - Pitching for Greensboro Grasshoppers : RHP Andy Gibson
|
Batting: RHB Alex Juarez
|
0-0: Ball 1-0: Called Strike 1-1: Ball 2-1: Ground out U3 (Groundball, 34S, EV 91.2 MPH)
|
Batting: LHB Elias Posada
|
0-0: Fly out, F9 (Line Drive, 9S, EV 99.4 MPH)
|
Batting: RHB Alex Villagomez
|
0-0: Ball 1-0: Foul Ball, location: 2F 1-1: Ball 2-1: SINGLE (Groundball, 5D, EV 97.5 MPH)
|
Batting: LHB Kelvin Jones
|
0-0: Called Strike 0-1: Ball 1-1: Ball 2-1: Fly out, F5 (Popup, 56, EV 60.6 MPH)
|
Top of the 3rd over - 0 runs, 1 hit, 0 errors, 1 left on base; Dayton 0 - Greensboro 2 |
BOTTOM OF THE 3RD |
Greensboro Grasshoppers batting - Pitching for Dayton Dragons : RHP Jalen Patterson
|
Batting: RHB Dennis Coppolino
|
0-0: Fly out, F8 (Flyball, 8RS, EV 95.0 MPH)
|
Batting: RHB Tom Thompson
|
0-0: Ball 1-0: Foul Ball, location: 2F 1-1: Fly out, F7 (Flyball, 7, EV 86.9 MPH)
|
Batting: RHB Nate Crofts
|
0-0: Ball 1-0: Foul Ball, location: 2F 1-1: Foul Ball, location: 2F 1-2: Ball 2-2: Foul Ball, location: 2F 2-2: Strikes out swinging
|
Bottom of the 3rd over - 0 runs, 0 hits, 0 errors, 0 left on base; Dayton 0 - Greensboro 2 |
TOP OF THE 4TH |
Dayton Dragons batting - Pitching for Greensboro Grasshoppers : RHP Andy Gibson
|
Batting: LHB Jeremy Robertson
|
0-0: Fly out, F8 (Flyball, 78M, EV 75.6 MPH)
|
Batting: RHB Logan Johnson
|
0-0: Swinging Strike 0-1: Foul Ball, location: 2F 0-2: Ground out 6-3 (Groundball, 56, EV 83.1 MPH)
|
Batting: SHB Jaivata Mohanty
|
0-0: Foul Ball, location: 2F 0-1: Foul Ball, location: 2F 0-2: Ball 1-2: Foul Ball, location: 2F 1-2: Ball 2-2: Strikes out looking
|
Top of the 4th over - 0 runs, 0 hits, 0 errors, 0 left on base; Dayton 0 - Greensboro 2 |
BOTTOM OF THE 4TH |
Greensboro Grasshoppers batting - Pitching for Dayton Dragons : RHP Jalen Patterson
|
Batting: RHB Miguel Velasco
|
0-0: Ball 1-0: Foul Ball, location: 2F 1-1: Ground out U3 (Groundball, 34S, EV 81.9 MPH)
|
Batting: LHB Angelo Estrella
|
0-0: Called Strike 0-1: Ground out 5-3 (Groundball, 56S, EV 63.1 MPH)
|
Batting: RHB Alberto Bravo
|
0-0: Ball 1-0: Ball 2-0: Called Strike 2-1: Ball 3-1: Ground out 5-3 (Groundball, 56S, EV 70.6 MPH)
|
Bottom of the 4th over - 0 runs, 0 hits, 0 errors, 0 left on base; Dayton 0 - Greensboro 2 |
TOP OF THE 5TH |
Dayton Dragons batting - Pitching for Greensboro Grasshoppers : RHP Andy Gibson
|
Batting: LHB Chris Redhead
|
0-0: Foul Ball, location: 2F 0-1: Swinging Strike 0-2: Ball 1-2: Ball 2-2: Ball 3-2: Foul Ball, location: 2F 3-2: Strikes out looking
|
Batting: RHB John Hopkins
|
0-0: Called Strike 0-1: Foul Ball, location: 2F 0-2: Ball 1-2: Strikes out swinging
|
Batting: RHB Alex Juarez
|
0-0: Ball 1-0: Ground out 4-3 (Groundball, 4MS, EV 66.9 MPH)
|
Top of the 5th over - 0 runs, 0 hits, 0 errors, 0 left on base; Dayton 0 - Greensboro 2 |
BOTTOM OF THE 5TH |
Greensboro Grasshoppers batting - Pitching for Dayton Dragons : RHP Jalen Patterson
|
Batting: LHB Justin Blakely
|
0-0: Ball 1-0: Called Strike 1-1: Ground out 4-3 (Groundball, 4, EV 78.8 MPH)
|
Batting: LHB Ryan Thompson
|
0-0: Foul Ball, location: 2F 0-1: Ball 1-1: Swinging Strike 1-2: Ball 2-2: Foul Ball, location: 2F 2-2: SOLO HOME RUN (Flyball, 9D, EV 96.2 MPH), Distance : 390 ft
|
Batting: RHB J.D. Vander Klok
|
0-0: Ball 1-0: Swinging Strike 1-1: Ground out 6-3 (Groundball, 6, EV 80.6 MPH)
|
Batting: RHB Dennis Coppolino
|
0-0: Swinging Strike 0-1: Ball 1-1: Foul Ball, location: 2F 1-2: Strikes out swinging
|
Bottom of the 5th over - 1 run, 1 hit, 0 errors, 0 left on base; Dayton 0 - Greensboro 3 |
TOP OF THE 6TH |
Dayton Dragons batting - Pitching for Greensboro Grasshoppers : RHP Andy Gibson
|
Batting: LHB Elias Posada
|
0-0: Ball 1-0: Foul Ball, location: 2F 1-1: Ground out 4-3 (Groundball, 4, EV 88.1 MPH)
|
Batting: RHB Alex Villagomez
|
0-0: Swinging Strike 0-1: Ball 1-1: Ground out 5-3 (Groundball, 56, EV 103.1 MPH)
|
Batting: LHB Kelvin Jones
|
0-0: Ball 1-0: Fly out, F8 (Flyball, 8RD, EV 100.6 MPH)
|
Top of the 6th over - 0 runs, 0 hits, 0 errors, 0 left on base; Dayton 0 - Greensboro 3 |
BOTTOM OF THE 6TH |
Greensboro Grasshoppers batting - Pitching for Dayton Dragons : RHP Jalen Patterson
|
Batting: RHB Tom Thompson
|
0-0: Swinging Strike 0-1: Ball 1-1: Foul Ball, location: 2F 1-2: Ball 2-2: Ball 3-2: Strikes out swinging
|
Batting: RHB Nate Crofts
|
0-0: Ball 1-0: DOUBLE (Flyball, 89D, EV 98.8 MPH)
|
Batting: RHB Miguel Velasco
|
0-0: Ball 1-0: Ball 2-0: Ball Passed Ball! Nate Crofts to third 3-0: Called Strike 3-1: Swinging Strike 3-2: SINGLE (Groundball, 56, EV 94.4 MPH) Nate Crofts scores
|
Batting: LHB Angelo Estrella
|
0-0: Ball 1-0: Ball 2-0: SINGLE (Line Drive, 9LS, EV 98.8 MPH) Miguel Velasco to second
|
Batting: RHB Alberto Bravo
|
0-0: Fly out, F8 (Flyball, 8RM, EV 91.9 MPH)
|
Batting: LHB Justin Blakely
|
0-0: Called Strike 0-1: Called Strike 0-2: Ball 1-2: Fly out, F9 (Flyball, 89D, EV 112.5 MPH)
|
Bottom of the 6th over - 1 run, 3 hits, 0 errors, 2 left on base; Dayton 0 - Greensboro 4 |
TOP OF THE 7TH |
Dayton Dragons batting - Pitching for Greensboro Grasshoppers : RHP Andy Gibson
|
Batting: LHB Jeremy Robertson
|
0-0: Ball 1-0: Ball 2-0: Foul Ball, location: 2F 2-1: Called Strike 2-2: SINGLE (Line Drive, 8RS, EV 112.5 MPH)
|
Batting: RHB Logan Johnson
|
0-0: Called Strike 0-1: Ball 1-1: Foul Ball, location: 2F 1-2: Ball 2-2: Ball 3-2: Strikes out swinging
|
Batting: SHB Jaivata Mohanty
|
0-0: Ball 1-0: Called Strike 1-1: Called Strike 1-2: Foul Ball, location: 2F 1-2: SINGLE (Groundball, 4MD, EV 97.5 MPH) Jeremy Robertson to second Runner from 2nd tries for 3rd, SAFE, throw by CF made to third
|
Batting: LHB Chris Redhead
|
0-0: Foul Ball, location: 2F 0-1: Ball 1-1: Ball 2-1: Ball 3-1: 3-RUN HOME RUN (Flyball, 9D, EV 101.9 MPH), Distance : 404 ft
|
Pinch Hitting: LHB Armando Arellano
|
0-0: Called Strike 0-1: Fly out, F4 (Popup, 23, EV 80.6 MPH)
|
Batting: RHB Alex Juarez
|
0-0: Called Strike 0-1: Called Strike 0-2: Ball 1-2: Ball 2-2: Foul Ball, location: 2F 2-2: Ground out 6-3 (Groundball, 6, EV 88.8 MPH)
|
Top of the 7th over - 3 runs, 3 hits, 0 errors, 0 left on base; Dayton 3 - Greensboro 4 |
BOTTOM OF THE 7TH |
Greensboro Grasshoppers batting - Pitching for Dayton Dragons : RHP Jalen Patterson
|
Pitching: LHP Haunani Moritiica
|
|
Now at SS: Juan Zamora
|
|
Batting: LHB Ryan Thompson
|
0-0: Called Strike 0-1: Ground out 6-3 (Groundball, 56, EV 103.8 MPH)
|
Batting: RHB J.D. Vander Klok
|
0-0: Ball 1-0: Swinging Strike 1-1: Foul Ball, location: 2F 1-2: Foul Ball, location: 2F 1-2: SINGLE (Line Drive, 7S, EV 93.8 MPH)
|
Batting: RHB Dennis Coppolino
|
0-0: Ball 1-0: Ball 2-0: Called Strike 2-1: Foul Ball, location: 2F 2-2: Ball 3-2: Foul Ball, location: 2F 3-2: Foul Ball, location: 2F 3-2: Ground out 6-3 (Groundball, 56, EV 102.5 MPH) J.D. Vander Klok to second
|
Batting: RHB Tom Thompson
|
0-0: Ground out 6-3 (Groundball, 56, EV 102.5 MPH)
|
Bottom of the 7th over - 0 runs, 1 hit, 0 errors, 1 left on base; Dayton 3 - Greensboro 4 |
TOP OF THE 8TH |
Dayton Dragons batting - Pitching for Greensboro Grasshoppers : RHP Andy Gibson
|
Batting: LHB Elias Posada
|
0-0: SOLO HOME RUN (Flyball, 7LD, EV 94.4 MPH), Distance : 336 ft
|
Batting: RHB Alex Villagomez
|
0-0: Swinging Strike 0-1: Foul Ball, location: 2F 0-2: Strikes out swinging
|
Batting: LHB Kelvin Jones
|
0-0: Foul Ball, location: 2F 0-1: Ball 1-1: Ball 2-1: Called Strike 2-2: SINGLE (Groundball, 34D, EV 104.4 MPH)
|
Pitching: RHP Felix Moreno
|
|
Batting: LHB Jeremy Robertson
|
0-0: Ball 1-0: Ball 2-0: Called Strike 2-1: Swinging Strike 2-2: Strikes out swinging
|
Batting: RHB Logan Johnson
|
0-0: Ball 1-0: Ball Kelvin Jones steals 2nd base (no throw) 2-0: Ball 3-0: Base on Balls
|
Batting: SHB Jaivata Mohanty
|
0-0: 3-RUN HOME RUN (Line Drive, 9LD, EV 95.0 MPH), Distance : 360 ft
|
Batting: LHB Chris Redhead
|
0-0: Ball 1-0: Foul Ball, location: 2F 1-1: Foul Ball, location: 2F 1-2: Ball 2-2: Foul Ball, location: 2F 2-2: Foul Ball, location: 2F 2-2: Ball 3-2: Fly out, F8 (Line Drive, 8LD, EV 88.8 MPH)
|
Top of the 8th over - 4 runs, 3 hits, 0 errors, 0 left on base; Dayton 7 - Greensboro 4 |
BOTTOM OF THE 8TH |
Greensboro Grasshoppers batting - Pitching for Dayton Dragons : LHP Haunani Moritiica
|
Pitching: LHP Juan Villegas
|
|
Now in LF: Elias Posada
|
|
Now in CF: Toki Takeuchi
|
|
Batting: RHB Nate Crofts
|
0-0: Ball 1-0: Called Strike 1-1: Called Strike 1-2: Ball 2-2: Strikes out looking
|
Batting: RHB Miguel Velasco
|
0-0: Ball 1-0: Fly out, F8 (Flyball, 8LD, EV 93.1 MPH)
|
Batting: LHB Angelo Estrella
|
0-0: Ball 1-0: Ground out 4-3 (Groundball, 4M, EV 103.8 MPH)
|
Bottom of the 8th over - 0 runs, 0 hits, 0 errors, 0 left on base; Dayton 7 - Greensboro 4 |
TOP OF THE 9TH |
Dayton Dragons batting - Pitching for Greensboro Grasshoppers : RHP Felix Moreno
|
Pitching: LHP Mike Wasson
|
|
Batting: RHB Juan Zamora
|
0-0: Ball 1-0: Foul Ball, location: 2F 1-1: Ground out 6-3 (Groundball, 6, EV 105.6 MPH)
|
Batting: RHB Alex Juarez
|
0-0: Called Strike 0-1: Called Strike 0-2: Foul Ball, location: 2F 0-2: Fly out, F8 (Flyball, 8RXD, EV 103.1 MPH)
|
Batting: LHB Elias Posada
|
0-0: Called Strike 0-1: Swinging Strike 0-2: Foul Ball, location: 2F 0-2: Ball 1-2: Strikes out swinging
|
Top of the 9th over - 0 runs, 0 hits, 0 errors, 0 left on base; Dayton 7 - Greensboro 4 |
BOTTOM OF THE 9TH |
Greensboro Grasshoppers batting - Pitching for Dayton Dragons : LHP Juan Villegas
|
Pitching: LHP Gavrilo Brkic
|
|
Now at 3B: Nick Cottrell
|
|
Batting: RHB Alberto Bravo
|
0-0: Called Strike 0-1: Ball 1-1: DOUBLE (Line Drive, 7LM, EV 101.9 MPH)
|
Batting: LHB Justin Blakely
|
0-0: Called Strike 0-1: Reached on error, E1 (Groundball, 13, EV 66.9 MPH) Alberto Bravo scores
|
Batting: LHB Ryan Thompson
|
0-0: Swinging Strike 0-1: Foul Ball, location: 2F 0-2: Ball 1-2: Foul Ball, location: 2F 1-2: Ball 2-2: TRIPLE (Flyball, 89XD, EV 101.2 MPH) Justin Blakely scores
|
Batting: RHB J.D. Vander Klok
|
0-0: Ball 1-0: Ball 2-0: Swinging Strike 2-1: Foul Ball, location: 2F 2-2: Strikes out swinging
|
Batting: RHB Dennis Coppolino
|
0-0: Ball 1-0: Foul Ball, location: 2F 1-1: Ball 2-1: Foul Ball, location: 2F 2-2: SINGLE (Line Drive, 5L, EV 98.8 MPH) Ryan Thompson scores
|
Pitching: RHP Kevin Larner
|
|
Batting: RHB Tom Thompson
|
0-0: Ball 1-0: Foul Ball, location: 2F 1-1: Ball 2-1: Ball 3-1: Foul Ball, location: 2F 3-2: Strikes out swinging
|
Batting: LHB Ryan Karg
|
0-0: Ball 1-0: Ball 2-0: Fly out, F8 (Flyball, 8RD, EV 90.0 MPH)
|
Bottom of the 9th over - 3 runs, 3 hits, 1 error, 1 left on base; Dayton 7 - Greensboro 7 |
TOP OF THE 10TH |
Dayton Dragons batting - Pitching for Greensboro Grasshoppers : LHP Mike Wasson
|
Batting: RHB Alex Villagomez
|
0-0: DOUBLE (Line Drive, 9LS, EV 101.9 MPH)
|
Pinch Hitting: RHB Ernie Maldonado
|
0-0: Intentional Walk
|
Batting: LHB Jeremy Robertson
|
0-0: Foul Ball, location: 2F 0-1: Called Strike 0-2: Strikes out swinging
|
Batting: RHB Logan Johnson
|
0-0: Ball 1-0: Called Strike 1-1: Foul Ball, location: 2F 1-2: Fly out, F7 (Flyball, 78M, EV 85.0 MPH)
|
Batting: SHB Jaivata Mohanty
|
0-0: Foul Ball, location: 2F 0-1: SINGLE (Groundball, 4MD, EV 96.9 MPH) Alex Villagomez to third Ernie Maldonado to second Runner from 3rd tries for Home, SAFE, throw by CF to home
|
Batting: RHB Toki Takeuchi
|
0-0: Ball 1-0: Foul Ball, location: 2F 1-1: Ball 2-1: Called Strike 2-2: Strikes out swinging
|
Top of the 10th over - 1 run, 2 hits, 0 errors, 2 left on base; Dayton 8 - Greensboro 7 |
BOTTOM OF THE 10TH |
Greensboro Grasshoppers batting - Pitching for Dayton Dragons : RHP Kevin Larner
|
Now in RF: Alex Fernandez
|
|
Batting: RHB Miguel Velasco
|
0-0: Called Strike 0-1: Ball 1-1: Called Strike 1-2: Strikes out swinging
|
Batting: LHB Angelo Estrella
|
0-0: Ball 1-0: Ball 2-0: Called Strike 2-1: Swinging Strike 2-2: Ground out 6-3 (Groundball, 6, EV 88.1 MPH)
|
Batting: RHB Alberto Bravo
|
0-0: Ball 1-0: Ball 2-0: Ground out 6-3 (Groundball, 6, EV 85.6 MPH)
|
Bottom of the 10th over - 0 runs, 0 hits, 0 errors, 0 left on base; Dayton 8 - Greensboro 7 |
|